AoeStats
← Sea Shanty 2

Golden Pit

509653299Analyzed
1v1 RM · 6d ago on Sep 27, 2026· 63m 10s· 2 players
Game mode
Random Map
Map size
Tiny (2 player)
Population
200
Speed
Normal
Resources
Standard
Victory
Conquest
Starting age
Dark Age
Ending age
Imperial Age
RankedLock teamsTeams togetherTeam positionsShared explorationLock speedFull tech treeHidden civsTurbo modeCheats
Victory
Defeat
🇬🇧 Maya · United Kingdom
1105
+16
🇪🇸 Malians · Spain
1100
-16
jana
7:57 Loom
10:39 Feudal Age
11:15 Double-Bit Axe
14:24 Forging
16:01 Fletching
24:32 Castle Age
23:15 Horse Collar
23:29 Gold Mining
24:51 Elite Skirmisher
25:36 Padded Archer Armor
25:31 Bodkin Arrow
30:22 Ballistics
34:19 Murder Holes
34:30 Bodkin Arrow
34:50 Leather Archer Armor
35:12 Iron Casting
36:10 Scale Barding Armor
42:24 Imperial Age
41:41 Bloodlines
41:32 Husbandry
43:01 Heavy Plow
44:56 Wheelbarrow
44:54 Chain Barding Armor
44:32 Stone Mining
46:54 Gold Shaft Mining
46:58 Stone Shaft Mining
48:34 Chemistry
47:18 Cavalier
50:49 Crop Rotation
52:50 Hand Cart
53:11 Farimba
Sea Shanty 2
0:41 Loom
10:06 Feudal Age
11:38 Double-Bit Axe
15:25 Town Watch
17:15 Fletching
18:58 Padded Archer Armor
22:30 Castle Age
20:57 Horse Collar
22:32 Crossbowman
23:19 Bodkin Arrow
25:59 Scale Mail Armor
27:02 Wheelbarrow
35:37 Forging
35:40 Squires
36:18 Eagle Warrior
37:05 Pikeman
44:11 Imperial Age
43:54 Arson
45:21 Chain Mail Armor
47:48 Plate Mail Armor
47:03 Halberdier
50:06 Guilds
50:35 Plate Mail Armor
55:52 Iron Casting
57:05 Gold Mining
57:40 Conscription
60:27 Holcans
61:26 Elite Eagle Warrior
63:36 Hoardings
Connection lost

Rejoining the realm…

Still unreachable

The connection could not be restored.

Session expired

The server has moved on; the page needs a fresh start.